Map: Eastwatch LE

Players

CatZ - Winner!

  • Race: Zerg Zerg
  • League: Grandmaster
  • Spawn Location: 7:00

JimRising

  • Race: Zerg Zerg
  • League: Grandmaster
  • Spawn Location: 1:00

VOD

Have the link to the VOD?

Description

Time

  • Played on: Feb. 1, 2018, 1:17 p.m.
  • Length: 14:41
Show
View Real Time Build Order
Export as new Build Order

CatZ Zerg - Winner!

Build Orders: Hatch First 

Get SALT Encoding   

  12  0:00  Drone  
  13  0:12  Overlord  
  13  0:17  Drone  
  14  0:31  Drone  
  14  0:32  Drone  
  14  0:34  Drone  
  17  0:51  Hatchery  
  17  0:56  Drone  
  17  1:09  Spawning Pool  
  16  1:11  Drone  
  16  1:15  Drone  
  16  1:18  Drone  
  19  1:23  Extractor  
  18  1:27  Drone  
  19  1:39  Overlord  
  19  1:51  Drone  
  20  1:55  Queen  
  22  2:02  Zergling x2  
  22  2:03  Queen  
  22  2:05  Drone  
  26  2:11  Drone  
  27  2:19  Drone  
  27  2:20  Evolution Chamber  
  27  2:27  Drone x2  
  29  2:32  Queen  
  29  2:34  Drone  
  32  2:42  Drone  
  33  2:45  Zerg Ground Armor Level 1  
  33  2:50  Drone  
  33  2:51  Drone  
  35  2:55  Drone  
  35  3:12  Overlord  
  35  3:14  Hatchery  
  35  3:19  Metabolic Boost  
  34  3:25  Overlord  
  34  3:26  Drone  
  35  3:29  Overlord  
  35  3:31  Zergling x6  
  38  3:37  Zergling x4  
  40  3:51  Zergling x14  
  47  4:00  Baneling Nest  
  46  4:10  Drone  
  46  4:11  Drone x3  
  46  4:16  Overlord  
  50  4:18  Zergling x4  
  50  4:19  Zergling x6  
  55  4:27  Drone x2  
  57  4:35  Drone x2  
  59  4:42  Queen  
  62  4:45  Zergling x4  
  62  4:46  Zergling x4  
  62  4:47  Roach Warren, Baneling  
  62  4:48  Baneling  
  62  4:51  Drone x2  
  66  4:54  Zergling x4  
  66  4:57  Drone x2  
  70  5:03  Extractor  
  70  5:07  Drone x4  
  72  5:20  Zerg Missile Weapons Level 1  
  72  5:25  Drone x2  
  72  5:27  Overlord x2  
  74  5:29  Extractor  
  74  5:32  Overlord  
  73  5:40  Overlord  
  73  5:44  Overlord  
  73  5:48  Drone x2  
  73  5:49  Drone x2  
  76  5:50  Extractor  
  76  5:51  Roach x5, Extractor  
  76  5:52  Roach  
  76  5:54  Roach  
  88  5:59  Roach  
  88  6:01  Roach  
  93  6:04  Roach  
  93  6:08  Roach  
  95  6:16  Overlord  
  95  6:17  Drone x2  
  99  6:18  Roach x2  
  99  6:19  Roach, Overlord  
  99  6:25  Drone x5  
  108  6:26  Overlord  
  108  6:30  Lair  
  112  6:32  Roach  
  112  6:33  Roach x2  
  112  6:38  Roach x3  
  120  6:42  Roach  
  120  6:45  Roach  
  120  6:46  Roach  
  126  6:48  Roach x2  
  129  7:01  Overlord x2  
  129  7:02  Overlord  
  129  7:05  Overlord  
  129  7:13  Overlord x2  
  125  7:17  Overlord  
  125  7:20  Roach x2  
  125  7:21  Roach x4  
  137  7:24  Roach x3  
  143  7:31  Roach  
  143  7:33  Ravager x4  
  143  7:35  Roach x2  
  143  7:36  Roach  
  154  7:38  Roach  
  154  7:41  Roach x2  
  147  7:45  Roach x2  
  147  7:47  Roach  
  147  7:50  Roach  
  139  7:54  Roach  
  139  7:55  Roach x2  
  134  8:10  Drone  
  134  8:11  Drone x6  
  141  8:30  Roach x6  
  141  8:31  Overseer  
  141  8:33  Roach x3  
  159  8:35  Overlord  
  159  8:38  Overlord  
  159  8:39  Roach  
  161  8:52  Pneumatized Carapace  
  161  8:59  Zergling x4  
  161  9:00  Roach Warren, Zergling x24  
  165  9:05  Zergling x2  
  163  9:12  Zergling x8  
  164  9:20  Zergling x4  
  164  9:22  Zergling x6  
  164  9:23  Zergling x2  
  167  9:26  Zergling x6  
  160  9:40  Roach x4  
  160  9:41  Roach x3, Overlord  
  174  9:47  Roach  
  174  9:48  Ravager  
  174  9:51  Overlord  
  175  9:56  Ravager x2  
  177  10:01  Ravager x3  
  177  10:02  Ravager x5  
  185  10:13  Roach x5  
  154  10:23  Roach x3  
  154  10:27  Roach  
  148  10:28  Roach  
  148  10:29  Roach x4  
  148  10:32  Roach  
  148  10:33  Roach  
  153  10:36  Glial Reconstitution  
  153  10:40  Roach  
  143  10:45  Roach  
  143  10:46  Roach  
  143  10:49  Roach  
  135  10:53  Roach  
  135  10:56  Roach  
  113  10:59  Roach  
  113  11:00  Queen x2  
  113  11:03  Extractor  
  100  11:08  Roach x3  
  108  11:11  Ravager x4  
  108  11:13  Queen  
  108  11:16  Spine Crawler, Zergling x2  
  108  11:17  Zergling x2  
  108  11:18  Hatchery  
  112  11:19  Spine Crawler  
  112  11:21  Roach  
  111  11:26  Roach  
  111  11:28  Roach  
  111  11:29  Roach  
  111  11:30  Zergling x4  
  111  11:31  Roach  
  121  11:37  Zergling x2  
  122  11:40  Roach x2, Ravager  
  122  11:41  Ravager x2  
  128  11:47  Roach  
  128  11:51  Roach x2  
  128  11:53  Roach x2  
  135  12:05  Roach x4  
  143  12:13  Roach x3  
  129  12:23  Roach x3  
  129  12:25  Roach x3  
  139  12:32  Roach  
  139  12:35  Roach x2  
  143  12:42  Roach  
  121  12:44  Roach  
  121  12:45  Roach  
  121  12:49  Roach x2  
  123  12:53  Roach x2  
  127  12:59  Roach  
  127  13:00  Roach  
  127  13:05  Roach x2  
  125  13:06  Roach  
  125  13:07  Roach  
  117  13:13  Roach  
  117  13:17  Roach x2  
  117  13:18  Roach  
  117  13:25  Roach x2  
  119  13:28  Roach x2  
  121  13:36  Roach x2  
  121  13:39  Roach x2  
  121  13:43  Ravager x2  
  121  13:48  Roach x3  
  123  13:55  Roach  
  113  13:57  Roach x2  
  96  14:05  Roach  
  81  14:15  Roach  
  73  14:20  Roach  
Show
View Real Time Build Order
Export as new Build Order

JimRising Zerg 

Build Orders: Hatch First 

Get SALT Encoding   

  12  0:01  Drone  
  13  0:12  Overlord  
  13  0:17  Drone  
  14  0:32  Drone x2  
  14  0:34  Drone  
  17  0:54  Hatchery  
  16  0:57  Drone  
  16  0:59  Drone  
  16  1:01  Extractor  
  17  1:15  Spawning Pool  
  17  1:17  Drone  
  17  1:21  Drone  
  18  1:28  Drone  
  19  1:39  Overlord  
  19  1:49  Drone  
  20  2:03  Queen  
  20  2:04  Metabolic Boost  
  20  2:06  Queen  
  20  2:07  Zergling x2  
  25  2:09  Drone  
  25  2:12  Drone  
  27  2:17  Drone  
  27  2:22  Drone  
  29  2:28  Drone  
  30  2:33  Drone  
  31  2:38  Overlord  
  31  2:39  Queen  
  33  2:46  Drone  
  33  2:50  Drone  
  35  2:51  Baneling Nest  
  35  2:57  Zergling x2  
  35  3:02  Zergling x2  
  36  3:10  Overlord  
  36  3:13  Drone x2  
  36  3:14  Drone x4  
  36  3:17  Drone  
  43  3:22  Drone  
  44  3:28  Overlord  
  44  3:38  Hatchery  
  44  3:39  Baneling x2  
  43  3:44  Drone x2  
  43  3:48  Roach Warren  
  44  3:49  Drone  
  44  3:50  Drone, Extractor  
  44  3:51  Drone  
  44  3:52  Drone  
  47  3:56  Drone  
  47  3:57  Drone, Extractor  
  47  4:09  Drone x2  
  48  4:10  Evolution Chamber, Overlord  
  48  4:13  Zergling x4  
  48  4:16  Lair  
  50  4:29  Roach x5  
  50  4:30  Roach  
  62  4:38  Zerg Missile Weapons Level 1  
  62  4:41  Overlord  
  62  4:46  Roach x2  
  62  4:47  Roach  
  62  4:51  Overlord  
  62  4:52  Overlord  
  68  4:58  Overlord  
  66  5:14  Glial Reconstitution  
  66  5:17  Drone  
  66  5:18  Roach, Overlord  
  66  5:19  Roach x5  
  79  5:28  Overlord  
  79  5:29  Roach x3  
  79  5:33  Overlord  
  85  5:39  Drone  
  85  5:40  Evolution Chamber  
  85  5:55  Roach x5  
  95  6:02  Roach x3  
  95  6:03  Roach, Hatchery  
  102  6:11  Roach x2  
  106  6:17  Overlord  
  106  6:22  Overlord  
  106  6:33  Roach x4  
  106  6:34  Zerg Missile Weapons Level 2  
  114  6:43  Roach x3  
  114  6:44  Roach x2  
  124  6:47  Roach  
  124  6:51  Roach  
  128  7:12  Roach x2  
  128  7:13  Roach x4  
  139  7:15  Drone  
  139  7:16  Drone x2  
  142  7:24  Drone, Extractor  
  142  7:30  Roach, Drone  
  142  7:35  Zerg Ground Armor Level 1  
  133  7:49  Roach  
  133  7:50  Roach x6  
  129  7:57  Drone x5  
  129  7:58  Drone  
  109  8:00  Drone x4  
  113  8:06  Roach  
  113  8:11  Roach x4  
  123  8:18  Roach  
  123  8:19  Roach  
  127  8:23  Roach  
  127  8:29  Roach x2  
  127  8:30  Roach x2  
  127  8:32  Drone x3  
  138  8:36  Roach  
  138  8:37  Roach  
  142  8:45  Roach  
  142  8:46  Roach x4  
  144  9:00  Roach x6  
  144  9:01  Overlord  
  144  9:06  Hatchery  
  144  9:09  Roach  
  145  9:11  Overlord  
  137  9:21  Roach, Overlord  
  137  9:22  Roach x4  
  137  9:23  Overlord x2  
  145  9:32  Roach  
  145  9:33  Roach x2  
  145  9:36  Roach x2  
  145  9:37  Roach  
  153  9:40  Roach x3  
  153  9:43  Roach  
  153  9:44  Roach x2  
  159  9:48  Roach x2  
  159  9:51  Roach  
  165  9:55  Roach x2  
  165  9:56  Roach  
  165  9:58  Overlord  
  171  10:10  Roach  
  141  10:23  Roach x4  
  141  10:24  Roach x3  
  137  10:35  Roach x3  
  139  10:42  Roach x2  
  107  10:51  Roach x4  
  107  10:52  Roach x3  
  105  10:59  Roach x3  
  105  11:00  Roach  
  110  11:08  Roach x2  
  114  11:14  Ravager  
  111  11:28  Roach x2  
  115  11:37  Roach x2  
  119  11:51  Roach x3  
  119  11:54  Roach  
  119  12:12  Roach  
  119  12:13  Roach x7  
  127  12:26  Roach x2  
  127  12:27  Roach x3  
  129  12:30  Roach  
  129  12:35  Roach x2  
  125  12:41  Roach x2  
  125  12:42  Roach  
  106  12:48  Roach x2  
  102  12:54  Drone  
  102  12:57  Roach  
  94  13:12  Roach x2  
  85  13:25  Zergling x6  
  38  14:04  Zergling x4  
Tags
 
Add a new tag
Caveats
  • Supply blocks, unpowered buildings, or Contaminate may cause inaccurate times.
  • Supply counts are checked every 10 seconds.